 Dungeon Crawl Stone Soup version 0.30-a0-4-ga7cffc901d (webtiles) character file.

Game seed: 18080931986268296936

21 Setbun the Sneak (level 3, -2/20 HPs)
             Began as a Kobold Enchanter on Aug 20, 2022.
             Slain by a ball python (3 damage)
             ... on level 1 of the Dungeon.
             The game lasted 00:00:51 (654 turns).

Setbun the Sneak (Kobold Enchanter)                  Turns: 654, Time: 00:00:52

Health: -2/20      AC:  2    Str:  5    XL:     3   Next: 5%
Magic:  6/6        EV: 12    Int: 16    God:
Gold:   74         SH:  0    Dex: 17    Spells: 6/6 levels left

rFire   . . .      SeeInvis .    a - +1 dagger
rCold   . . .      Faith    .    (no shield)
rNeg    . . .      Spirit   .    b - +0 robe
rPois   .          Reflect  .    (no helmet)
rElec   .          Harm     .    (no cloak)
rCorr   .          Rampage  .    (no gloves)
Will    .....                    (no boots)
Stlth   ++++......               (no amulet)
HPRegen 0.06/turn                (no ring)
MPRegen 0.10/turn                (no ring)

@: constricted
A: small, no large weapons, nightstalker 3
a: no special abilities


You were on level 1 of the Dungeon.
You visited 1 branch of the dungeon, and saw 1 of its levels.

You collected 74 gold pieces.

Inventory:

Hand Weapons
 a - a +1 dagger (weapon)
Armour
 b - a +0 robe (worn)
Magical Staves
 g - a staff of poison
Scrolls
 d - 3 scrolls of immolation {unknown}
 e - a scroll of identify {unknown}
Potions
 c - 2 potions of invisibility
 f - a potion of curing {unknown}


   Skills:
 + Level 0.6 Fighting
 * Level 2.4 Short Blades
 + Level 2.7 Dodging
 + Level 4.2 Stealth
 + Level 2.3 Spellcasting
 + Level 3.1 Hexes


You had 6 spell levels left.
You didn't know any spells.
Your spell library contained the following spells:

 Spells                   Type           Power      Damage    Failure   Level
 Ensorcelled Hibernation  Hex/Ice        12%        N/A       16%         2
 Confusing Touch          Hex            11%        N/A       17%         3
 Tukima's Dance           Hex            11%        N/A       17%         3
 Magic Dart               Conj           4%         1d3       21%         1
 Searing Ray              Conj           2%         2d4       30%         2
 Dazzling Flash           Conj/Hex       12%        N/A       32%         3
 Fulminant Prism          Conj/Hex       3%         3d6       71%         4


Dungeon Overview and Level Annotations

Branches:
Dungeon (1/15)

Altars:


Innate Abilities, Weirdness & Mutations

You are small and have problems with some larger weapons.
You are completely attuned to the shadows.


Message History

The ball python grabs you. The ball python constricts you.
The dart slug launches a dart at you. The slug dart hits you.
You hit the dart slug.
The dart slug is moderately wounded.
A nearby plant withers and dies.
The ball python bites you but does no damage.
The ball python constricts you.
You hit the dart slug.
The dart slug is heavily wounded.
The ball python closely misses you. The ball python constricts you.
* * * LOW HITPOINT WARNING * * *
The dart slug misses you.
You hit the dart slug.
The dart slug is severely wounded.
The ball python bites you but does no damage.
The ball python constricts you.
* * * LOW HITPOINT WARNING * * *
You hit the dart slug.
The dart slug is almost dead.
The dart slug bites you but does no damage.
The ball python bites you.
* * * LOW HITPOINT WARNING * * *
The ball python constricts you.
You hit the dart slug but do no damage.
The dart slug is almost dead.
The ball python bites you.
* * * LOW HITPOINT WARNING * * *
The ball python constricts you.
* * * LOW HITPOINT WARNING * * *
The dart slug launches a dart at you. The slug dart misses you.
Unknown command.
Unknown command.
Unknown command.
Unknown command.
You hit the dart slug.
You kill the dart slug!
The ball python bites you.
You die...

#####
###+#......
... .. ##
...........
♣.. ### .#
.......#♣PP
.# .......#
# .#
........†#
.#
.........#
#######
.........#
......#
.....S...+
.....)#
....@....#
......#
........)#
......#
.........#
......#
..........#
......#
.....P.♣♣♣..
......#
##..P♣♣ .##
......# #.P♣
# ......#
#######


You could see a ball python.

Vanquished Creatures
  2 dart slugs (D:1)
  3 ball pythons (D:1)
  3 bats (D:1)
  3 endoplasms (D:1)
  A giant cockroach (D:1)
  3 hobgoblins (D:1)
  2 frilled lizards (D:1)
  A goblin (D:1)
  A kobold (D:1)
19 creatures vanquished.

Vanquished Creatures (others)
  A plant (D:1)
1 creature vanquished.

Grand Total: 20 creatures vanquished

Notes
Turn   | Place    | Note
-------+----------+-------------------------------------------
     0 | D:1      | Setbun the Kobold Enchanter began the quest for the Orb.
     0 | D:1      | Reached XP level 1. HP: 10/10 MP: 3/3
   192 | D:1      | Reached XP level 2. HP: 16/16 MP: 5/5
   624 | D:1      | Reached XP level 3. HP: 20/20 MP: 6/6
   653 | D:1      | HP: 1/20 [constriction (1)]
   654 | D:1      | Slain by a ball python

Illustrated notes

Levels and vault maps discovered:
D:1:      minmay_arrival_solitary_statue, layout_basic, serial_forest,
          infiniplex_forest_straight_4, infiniplex_forest_clump_medium,
          infiniplex_forest_straight_4, infiniplex_forest_zigzag_1,
          infiniplex_forest_corner_1, infiniplex_forest_clump_large

Skill      XL: |  1 |
---------------+----+-----
Short Blades   | 2 |  2.4
Fighting       | |  0.6
Dodging        | |  2.7
Stealth        | |  4.2
Spellcasting   | |  2.3
Hexes          | |  3.1

Action                   || total
-------------------------++-------
Melee: Dagger            ||    43
       Punch             ||     1
 Stab: Sleeping          ||    13
Armor: Robe              ||     7
Dodge: Dodged            ||    25

Table legend: (Time is in decaauts)
 A = Elapsed time spent in this place.
 B = Non-inter-level travel time spent in this place.
 C = Inter-level travel time spent in this place.
 D = Time resting spent in this place.
 E = Time spent auto-exploring this place.
 F = Levels seen in this place.
 G = Mean time per level.
                   A        B        C        D        E       F      G
               +--------+--------+--------+--------+--------+-----+--------+
         Total |    649 |    605 |     44 |    152 |    342 |   1 |  649.0 |
       Dungeon |    649 |    605 |     44 |    152 |    342 |   1 |  649.0 |
               +--------+--------+--------+--------+--------+-----+--------+

Top non-repeatable levels by time:
     D:1: 649 daAuts
